firemonkey, lawful male dwarven Archeologist ----------- |)[[[[)))[| .[).)[)[.[+ # R |.))))[[)[| #RRR##.[[)[)[[[)| hR |))[[[))))| #### |.........| ### -.--------- ##0 ## 0# # # ### #-.---------- #..........(| |..........| |..<.......| ------------ firemonkey the Investigator Experience level: 8 Strength: 13 Dexterity: 12 Constitution: 14 Intelligence: 14 Wisdom: 16 Charisma: 11 Health: 0(59) Energy: 42(42) AC: 5 Gold: 97 Moves: 1114 Your Inventory: Coins $ - 97 gold pieces Amulets n - an [uncursed] hexagonal amulet [of ESP] Weapons a - an uncursed +2 bullwhip (alternate weapon; not wielded) B - an [uncursed] rusty [+0] dwarvish mattock Armor b - an uncursed +0 leather jacket (being worn) c - an uncursed +0 fedora r - an [uncursed] +0 robe (being worn) v - an [uncursed] +0 iron skull cap [orcish helm] (being worn) w - an [uncursed] +0 red-eyed shield [orcish] (being worn) C - an [uncursed] rotted +0 pair of fencing gloves [leather] (being worn) Comestibles d - 2 uncursed food rations Scrolls o - 3 [uncursed] unlabeled scrolls [of blank paper] p - a [cursed] unlabeled scroll [of blank paper] q - an [uncursed] scroll called yeleport [of teleportation] x - an [uncursed] scroll labeled NR 9 [of light] Potions m - an [uncursed] silver potion [of monster detection] u - a [cursed] white potion [of booze] y - a [blessed] dark green potion [of gain ability] z - a [blessed] clear potion [of holy water] Rings s - a [cursed -1] coral ring [of gain dexterity] A - a [blessed +1] opal ring [of increase accuracy] Wands i - an uncursed wand of polymorph [0:0] j - an uncursed wand of lightning (0:0) Tools e - an uncursed +0 pick-axe (weapon in hand) f - an uncursed tinning kit (0:58) h - an uncursed sack Gems g - an uncursed touchstone Spells known in the end: Name Level Category Fail Memory Your skills at the end: Fighting Skills Weapon Skills pick-axe [Basic / Expert] sling [Basic / Skilled] whip [Basic / Expert] Spellcasting Skills Final Attributes: You were devoutly aligned. Hunger level was 525. Your alignment was 14 / 15. Monster difficulty range was 1 - 8. Level difficulty was 8. You had infravision. You were stealthy. You were fast. Your luck was zero. You are dead. Vanquished creatures: a dog 11 Mordor orcs a paper golem a kobold lord a green mold 2 garter snakes 2 geckos a goblin 2 sewer rats 3 newts 25 creatures vanquished. Voluntary challenges: You followed a strict vegan diet. You used a wielded weapon 26 times. You read items or engraved 2 times. You put on armor 6 times. You never genocided any monsters. You never polymorphed an object. You changed form 1 time. You used no wishes. You never wrote Elbereth's name. You never encountered a bones level. You never used any Sokoban shortcuts. Dungeon overview: The Dungeons of Doom: levels 1 to 8 Level 1 an altar a long staircase Level 3 a scroll shop, an altar to Quetzalcoatl, a fountain, a sink Level 4 a fountain, a sink Level 5 many fountains Level 6 a fountain stairs to Sokoban Level 7 a fountain Level 8 <- You were here Sokoban: Level 5 a magic chest stairs to The Dungeons of Doom History has recorded: On T:1 you entered the Dungeons of Doom to retrieve the Amulet of Yendor! On T:71 you reached level 2 of The Dungeons of Doom. On T:85 you reached level 3 of The Dungeons of Doom. On T:108 you advanced to experience level 2. On T:350 you advanced to experience level 3. On T:522 you reached level 4 of The Dungeons of Doom. On T:712 you reached level 5 of The Dungeons of Doom. On T:731 you advanced to experience level 4. On T:752 you advanced to experience level 5. On T:764 you advanced to experience level 6. On T:810 you received advice from The Oracle. On T:818 you reached level 6 of The Dungeons of Doom. On T:911 you reached level 3 of Sokoban. On T:1010 you reached level 7 of The Dungeons of Doom. On T:1045 you reached level 8 of The Dungeons of Doom. Latest messages: You hit the brown pudding. The rust monster eats a rusty two-handed sword! You see here 6 very rusty darts. The disenchanter hits! (3x) [HP-22=1] You see here a thoroughly rusty axe. The disenchanter hits! You return to dwarven form! The disenchanter hits! [HP+46=47] You see here a very rotted leather armor. [HP+1=48] [HP+1=49] You miss the disenchanter. (2x) The disenchanter hits! [HP-13=36] You miss the disenchanter. The disenchanter hits! (2x) [HP-19=17] You miss the disenchanter. The disenchanter hits! (2x) You die... The sack is empty. Final status: Goodbye firemonkey the Archeologist... You died in The Dungeons of Doom on dungeon level 8 with 1224 points, and 97 pieces of gold, after 1114 moves. You were level 8 with a maximum of 59 hit points when you died.